Map: Ever Dream LE

Players

Maru

  • Race: Terran Terran
  • Spawn Location: 7:00

DPGCure (Cure) - Winner!

  • Race: Terran Terran
  • League: Master
  • Spawn Location: 1:00

Event: DreamHack SC2 Masters 2020 Summer Season Finals

VOD

Have the link to the VOD?

Description

Time

  • Played on: July 18, 2020, 2:56 p.m.
  • Length: 18:36

All games in this series

Show
View Real Time Build Order
Export as new Build Order

Maru Terran 

Build Orders: 1/1/1, Mech, Banshee Rush 

Get SALT Encoding   

  12  0:00  SCV  
  13  0:12  SCV  
  14  0:17  Supply Depot  
  14  0:24  SCV  
  15  0:38  SCV  
  15  0:40  Barracks  
  16  0:42  Refinery  
  16  0:50  SCV  
  16  0:52  Refinery  
  17  1:02  SCV  
  18  1:15  SCV  
  19  1:26  Reaper  
  19  1:27  Orbital Command  
  19  1:28  Supply Depot  
  20  1:41  Factory  
  20  1:53  SCV  
  21  2:00  Barracks Reactor  
  21  2:05  SCV  
  22  2:17  SCV  
  22  2:22  Reaper  
  23  2:25  Hellion  
  23  2:28  Starport  
  23  2:29  SCV  
  26  2:41  SCV  
  27  2:44  Command Center  
  27  2:48  Widow Mine  
  29  2:54  Barracks Reactor  
  29  2:55  SCV  
  30  2:59  Supply Depot  
  30  3:07  Starport Tech Lab, SCV  
  30  3:11  Factory Tech Lab  
  31  3:21  SCV  
  31  3:25  Banshee, Cloaking Field  
  35  3:33  SCV  
  36  3:35  Refinery  
  36  3:42  Siege Tank  
  36  3:45  Marine  
  39  3:52  Marine, SCV  
  39  4:01  Orbital Command  
  38  4:05  SCV  
  38  4:14  Cyclone  
  38  4:17  Banshee, SCV  
  43  4:29  SCV x2  
  43  4:31  Marine x2  
  45  4:42  SCV  
  45  4:44  SCV  
  46  4:49  Siege Tank  
  49  4:54  SCV  
  49  4:57  Supply Depot  
  49  4:59  Refinery  
  50  5:02  Banshee  
  50  5:06  SCV  
  54  5:10  Supply Depot  
  54  5:16  SCV  
  54  5:18  SCV  
  54  5:19  Hyperflight Rotors  
  53  5:28  SCV  
  53  5:34  Command Center  
  54  5:38  Cyclone  
  54  5:41  SCV  
  54  5:42  SCV  
  54  5:53  SCV  
  54  5:54  SCV  
  55  5:59  Banshee  
  55  6:05  SCV  
  55  6:06  SCV  
  55  6:13  Siege Tank  
  55  6:17  SCV  
  59  6:18  SCV  
  59  6:19  Mag-Field Accelerator  
  59  6:20  Marine x2  
  62  6:29  SCV  
  62  6:31  SCV  
  64  6:38  Marine  
  65  6:41  Factory, Supply Depot, SCV  
  65  6:43  SCV  
  65  6:44  Banshee  
  65  6:46  Orbital Command  
  70  6:53  SCV  
  71  6:55  SCV  
  75  7:05  SCV  
  75  7:06  Cyclone  
  75  7:08  SCV  
  77  7:12  SCV  
  78  7:17  SCV  
  81  7:23  SCV  
  81  7:25  Factory Tech Lab  
  81  7:27  Orbital Command  
  81  7:29  Factory  
  80  7:30  SCV  
  80  7:31  Engineering Bay  
  80  7:35  SCV  
  82  7:39  Cyclone  
  82  7:43  SCV  
  86  7:47  SCV  
  87  7:51  Siege Tank  
  87  7:53  SCV  
  87  7:55  SCV  
  92  8:00  SCV  
  92  8:05  SCV  
  91  8:07  SCV  
  91  8:10  Supply Depot  
  91  8:12  SCV  
  93  8:24  Supply Depot x2  
  93  8:25  Supply Depot  
  93  8:41  Supply Depot  
  93  8:43  Orbital Command  
  93  8:45  Cyclone  
  93  8:46  Siege Tank, Hellion x2  
  93  8:47  Banshee  
  106  8:49  SCV  
  107  9:08  SCV  
  108  9:12  Hellion x2  
  108  9:16  SCV  
  98  9:17  Siege Tank  
  98  9:18  Cyclone  
  98  9:23  SCV  
  98  9:24  Orbital Command  
  87  9:28  SCV  
  87  9:29  Banshee  
  75  9:33  Hellion x2  
  75  9:36  SCV  
  77  9:40  SCV  
  78  9:47  Armory  
  78  9:48  SCV  
  78  9:49  Siege Tank, SCV  
  78  9:50  Siege Tank  
  78  9:51  Armory  
  87  9:52  SCV  
  87  10:00  SCV  
  87  10:01  Sensor Tower  
  87  10:02  SCV  
  89  10:07  SCV  
  89  10:12  Banshee, SCV  
  94  10:17  SCV  
  94  10:19  Missile Turret  
  94  10:20  SCV  
  96  10:22  Siege Tank x2  
  96  10:24  SCV  
  96  10:26  Refinery x2  
  96  10:27  Hellion  
  96  10:28  Missile Turret  
  105  10:29  Hellion, SCV  
  105  10:35  SCV  
  109  10:36  Missile Turret  
  109  10:37  SCV  
  106  10:45  Terran Vehicle Weapons Level 1, Terran Vehicle And Ship Armor Level 1  
  106  10:50  Hellion  
  106  10:54  Siege Tank  
  105  10:58  Banshee  
  108  11:04  Cyclone  
  108  11:09  Factory x2  
  111  11:16  SCV  
  112  11:19  Command Center  
  112  11:22  Sensor Tower  
  112  11:29  Cyclone, Hellion  
  117  11:36  Cyclone  
  120  11:44  Banshee  
  123  11:53  Supply Depot  
  123  11:55  Supply Depot  
  123  12:05  Supply Depot  
  123  12:06  Supply Depot  
  123  12:07  Hellion  
  125  12:15  Siege Tank, Cyclone  
  128  12:25  Factory Reactor, Factory Tech Lab  
  128  12:26  SCV  
  128  12:27  Supply Depot  
  128  12:28  Banshee  
  132  12:33  Infernal Pre-Igniter  
  132  12:36  Hellion  
  132  12:37  Hellion  
  136  12:44  Terran Vehicle Weapons Level 2  
  136  12:45  Terran Vehicle And Ship Armor Level 2  
  136  12:47  Siege Tank x2  
  142  12:54  Missile Turret  
  142  12:58  Siege Tank  
  142  13:00  Hellion x2  
  142  13:04  Supply Depot  
  147  13:13  Banshee  
  147  13:19  Siege Tank  
  153  13:22  Siege Tank, Hellion x2  
  160  13:30  Siege Tank  
  149  13:47  Hellion  
  120  13:49  SCV  
  120  13:51  Siege Tank  
  120  13:52  SCV  
  120  13:54  Siege Tank  
  114  13:58  Banshee  
  114  14:03  Siege Tank  
  114  14:04  Hellion x3  
  114  14:08  Hellion  
  122  14:15  SCV x3  
  123  14:23  Siege Tank  
  126  14:26  Cyclone, Hellion x2  
  126  14:27  SCV x3  
  126  14:29  Hellion  
  138  14:35  Planetary Fortress  
  138  14:36  Cyclone  
  138  14:39  Missile Turret  
  138  14:40  Missile Turret  
  139  14:45  Missile Turret  
  139  14:46  Hellion, Missile Turret  
  138  14:54  SCV x2  
  138  14:55  Cyclone  
  138  14:58  Cyclone  
  132  15:00  SCV  
  132  15:06  SCV x2  
  134  15:07  Hellion  
  134  15:08  Cyclone  
  134  15:09  Sensor Tower  
  137  15:27  Starport, Cyclone  
  140  15:29  Refinery  
  140  15:30  Refinery, Cyclone  
  143  15:36  Missile Turret x2  
  146  15:48  Hellion x2  
  150  15:55  Command Center  
  152  16:11  Factory  
  149  16:13  Factory  
  142  16:18  Hellion x2  
  142  16:25  Supply Depot  
  136  16:26  Engineering Bay  
  136  16:27  Factory  
  136  16:28  Engineering Bay  
  136  16:30  Factory  
  134  16:35  SCV  
  126  16:40  Hellion  
  126  16:41  Hellion  
  130  16:47  Armory x2  
  129  16:58  Orbital Command  
  111  17:03  SCV x2  
  111  17:04  Factory, Factory Tech Lab  
  111  17:07  Factory  
  114  17:15  SCV x2  
  114  17:16  Engineering Bay, Factory Tech Lab  
  114  17:17  Factory  
  114  17:19  Siege Tank  
  118  17:24  Siege Tank  
  118  17:25  Factory Tech Lab  
  118  17:27  SCV  
  118  17:28  SCV  
  123  17:30  Starport  
  123  17:31  Starport, Supply Depot  
  123  17:32  Supply Depot  
  123  17:34  Orbital Command  
  123  17:38  Hellion x2  
  128  17:49  Factory Tech Lab  
  128  17:50  SCV  
  124  17:51  Siege Tank  
  124  17:52  Supply Depot  
  124  17:56  Siege Tank  
  123  17:59  Siege Tank, Hellion  
  119  18:12  Factory Tech Lab  
  122  18:13  Engineering Bay  
Show
View Real Time Build Order
Export as new Build Order

DPGCure Terran - Winner!

Build Orders: Cyclone Opening 

Get SALT Encoding   

  12  0:00  SCV  
  13  0:12  SCV  
  14  0:17  Supply Depot  
  14  0:24  SCV  
  15  0:39  SCV  
  15  0:40  Barracks  
  15  0:42  Refinery  
  16  0:51  SCV  
  16  0:52  Refinery  
  17  1:03  SCV  
  18  1:15  SCV  
  19  1:27  Orbital Command, Reaper  
  19  1:28  Supply Depot  
  20  1:41  Factory  
  20  1:53  SCV  
  21  1:59  Reaper  
  22  2:05  SCV  
  23  2:17  SCV  
  23  2:22  Command Center  
  24  2:27  Factory Tech Lab  
  24  2:29  SCV  
  25  2:32  Reaper  
  25  2:36  Supply Depot  
  26  2:42  SCV  
  27  2:48  Cyclone  
  30  2:54  SCV  
  30  2:57  Starport  
  31  3:06  SCV  
  32  3:13  Refinery  
  32  3:18  SCV  
  33  3:20  Cyclone  
  33  3:23  Barracks Reactor  
  36  3:30  SCV  
  37  3:35  Orbital Command  
  37  3:37  Starport Tech Lab  
  37  3:42  SCV  
  38  3:54  SCV  
  38  3:59  Cyclone, Banshee  
  38  4:01  SCV  
  45  4:11  SCV  
  45  4:12  Marine x2  
  45  4:13  Supply Depot, SCV  
  48  4:27  SCV x2  
  50  4:36  Marine x2  
  50  4:38  Siege Tank  
  55  4:39  SCV  
  55  4:40  Command Center, SCV  
  55  4:43  Raven  
  59  4:50  Supply Depot  
  59  4:52  SCV x2  
  61  4:58  Marine  
  62  5:02  Supply Depot x2  
  62  5:03  Marine  
  62  5:06  SCV x2  
  60  5:18  SCV x2  
  62  5:23  Siege Tank, Marine x2  
  66  5:31  SCV  
  66  5:32  SCV  
  68  5:41  Marine x2  
  69  5:44  SCV x2  
  69  5:46  Raven  
  73  5:56  SCV x2  
  74  5:59  Marine x2  
  73  6:07  Siege Tank  
  73  6:08  SCV x2  
  73  6:11  Engineering Bay  
  74  6:17  Marine x2  
  76  6:20  SCV x2  
  76  6:24  Barracks  
  76  6:25  Barracks  
  78  6:32  Refinery, SCV x2  
  79  6:37  Terran Infantry Weapons Level 1, Missile Turret  
  79  6:44  SCV x2, Viking x2  
  85  6:50  Marine  
  85  6:51  Siege Tank  
  89  6:55  Orbital Command  
  89  6:57  SCV  
  89  6:58  SCV  
  91  7:05  Missile Turret  
  89  7:09  Marine, SCV  
  89  7:10  SCV  
  90  7:21  SCV  
  90  7:22  SCV x2  
  93  7:24  Missile Turret  
  93  7:27  Stimpack, Barracks Reactor  
  93  7:28  Barracks Reactor  
  93  7:33  SCV  
  93  7:34  SCV x2  
  93  7:36  Supply Depot x2  
  96  7:39  Marine, Viking x2  
  96  7:43  Supply Depot  
  101  7:57  Marine, SCV x3  
  105  8:02  Siege Tank  
  102  8:07  Engineering Bay  
  102  8:08  Marine  
  102  8:09  Marine x3  
  102  8:10  SCV x2  
  102  8:11  SCV  
  109  8:12  Supply Depot  
  109  8:13  Supply Depot  
  109  8:15  Marine  
  110  8:22  SCV  
  110  8:26  SCV x2  
  113  8:33  Marine x2  
  113  8:34  Marine x3, SCV  
  119  8:37  Terran Infantry Armor Level 1  
  119  8:38  SCV x2, Medivac x2  
  125  8:44  Barracks  
  125  8:46  SCV  
  125  8:48  Siege Tank  
  126  8:49  Barracks  
  126  8:50  SCV x2  
  126  8:51  Marine  
  126  8:58  SCV  
  126  9:02  SCV  
  128  9:11  Marine x4  
  128  9:14  Viking x2  
  128  9:16  SCV x2  
  128  9:17  SCV  
  133  9:20  Siege Tank  
  133  9:22  Marine  
  116  9:28  Marine x3  
  116  9:29  Armory, SCV x3  
  116  9:30  Marine  
  111  9:36  Barracks Reactor  
  111  9:37  Barracks Tech Lab x2  
  105  9:39  Marine  
  105  9:44  Viking x2  
  104  9:46  Refinery, Marine x3  
  104  9:47  Refinery, Marine  
  108  9:54  Siege Tank  
  111  10:01  Command Center  
  111  10:02  Combat Shield  
  111  10:03  Concussive Shells  
  111  10:06  Sensor Tower  
  111  10:09  Marauder x2  
  111  10:10  Marauder  
  111  10:13  Missile Turret  
  111  10:14  Marine x4  
  119  10:19  Medivac  
  124  10:23  SCV x3  
  124  10:24  Medivac  
  126  10:28  Terran Infantry Weapons Level 2, Siege Tank  
  129  10:36  Marauder x2, Marine  
  129  10:37  Marauder  
  133  10:48  Terran Infantry Armor Level 2  
  133  10:50  Supply Depot  
  133  10:51  Supply Depot  
  133  10:56  Starport Reactor  
  133  10:59  Marauder x3, Marine x2  
  141  11:04  Terran Vehicle Weapons Level 1  
  141  11:11  Marine x2  
  140  11:20  Marauder x2  
  140  11:21  Marauder  
  146  11:25  Barracks  
  146  11:26  Barracks x2  
  146  11:27  Marine x2  
  146  11:29  Marine x2  
  146  11:31  Missile Turret  
  150  11:37  SCV x2  
  150  11:39  SCV  
  153  11:43  Medivac x2  
  153  11:45  Marauder x3, Planetary Fortress  
  157  11:50  Marine x2  
  157  11:51  Marine x2  
  161  12:13  Viking x2  
  161  12:14  Marauder  
  161  12:15  Marauder x2  
  171  12:17  Marine  
  172  12:26  Supply Depot x2  
  172  12:27  Supply Depot  
  172  12:30  Fusion Core  
  172  12:34  Barracks Tech Lab x3  
  172  12:35  Command Center  
  172  12:45  Command Center  
  172  12:46  Marine x2  
  172  12:47  Marine x3  
  172  12:48  Marauder  
  172  12:50  Terran Infantry Weapons Level 3  
  177  12:52  Marauder  
  179  13:04  Medivac x2  
  185  13:05  Marauder  
  185  13:09  Marauder  
  185  13:10  Missile Turret  
  184  13:21  Marine x2  
  184  13:22  Marauder x4, Marine x2  
  196  13:35  Marauder, Marine  
  196  13:38  Medivac x2  
  196  13:39  Marine x4  
  186  13:43  Marauder x3, Marine  
  163  13:53  Marine  
  137  13:56  Marine  
  137  13:57  Marine x4  
  137  14:01  Marauder  
  138  14:04  Marauder, Marine  
  138  14:05  Marauder  
  138  14:09  Viking x2  
  147  14:11  Marine  
  147  14:14  Marauder  
  147  14:15  Marine x4  
  154  14:22  Marauder, Marine  
  154  14:23  Terran Infantry Armor Level 3  
  156  14:26  Marauder x2  
  156  14:29  Marine  
  155  14:33  Marine x4, Missile Turret  
  155  14:35  Marauder  
  160  14:40  Marauder  
  160  14:44  Marauder  
  161  14:47  Marauder, Marine  
  161  14:48  Marauder  
  161  14:50  Marine x2  
  161  14:51  Marine x2  
  168  14:57  Marauder  
  152  15:02  Marauder  
  152  15:04  Medivac x2  
  152  15:05  Marauder, Marine  
  146  15:08  Marine x4  
  146  15:09  Marauder, Marine, Planetary Fortress  
  146  15:11  Planetary Fortress  
  153  15:18  Marauder  
  153  15:21  Rapid Reignition System  
  155  15:23  Marauder, Marine  
  155  15:26  Marauder, Marine x4  
  155  15:27  Barracks  
  155  15:28  Barracks  
  164  15:30  Marauder  
  166  15:36  Marine, Missile Turret  
  166  15:39  Marauder  
  166  15:41  Marauder, Medivac x2  
  175  15:44  Marauder x2, Marine x2  
  181  15:51  Marauder, Marine  
  181  15:52  Marauder  
  181  15:53  Marine  
  187  16:01  Marauder  
  187  16:02  Marauder, Marine x2  
  193  16:06  Marauder x2  
  193  16:09  Marine  
  198  16:11  Medivac  
  198  16:12  Marine  
  198  16:13  Marauder  
  189  16:19  Marine  
  189  16:22  Marine x4  
  189  16:23  Marauder  
  189  16:24  Marauder  
  186  16:38  Marine x4  
  186  16:39  Marauder x2  
  173  16:45  Marauder x2, Barracks Tech Lab  
  173  16:46  Marine x3, Medivac x2  
  180  16:56  Marine  
  180  16:57  Marauder x2  
  180  17:00  Marauder x2  
  167  17:02  Marine  
  167  17:04  Marine x2  
  167  17:06  Marauder  
  167  17:07  Marauder x2, Barracks Reactor  
  172  17:14  Marine  
  173  17:15  Command Center  
  173  17:18  Marauder x2  
  173  17:19  Marine  
  173  17:21  Marine x2, Barracks  
  173  17:22  Marauder x2  
  184  17:23  Barracks  
  184  17:27  Marauder  
  184  17:28  Marauder x2  
  184  17:29  Medivac  
  192  17:30  Medivac  
  192  17:32  Marine  
  195  17:37  Marine  
  195  17:40  Marauder x2  
  197  18:04  Marauder x2, Marine x4  
  190  18:09  Marine x2  
  190  18:10  Marauder x2  
  196  18:13  Marine x2  
  196  18:14  Marauder  
Tags
 
Add a new tag
Caveats
  • Supply blocks, unpowered buildings, or Contaminate may cause inaccurate times.
  • Supply counts are checked every 10 seconds.